 Dungeon Sprint DCSS version 0.20-a0-269-g17f5411 (webtiles) character file.

377 Faca the Blocker (level 7, -1/61 HPs)
             Began as a Formicid Fighter on Dec 9, 2016.
             Was an Initiate of Okawaru.
             Killed by divine providence
             ... invoked by a meliai
              (13 damage)
             ... in the Dungeon (Sprint IX: "|||||||||||||||||||||||||||||").
             The game lasted 00:02:46 (464 turns).

Faca the Blocker (Formicid Fighter)                  Turns: 464, Time: 00:02:47

Health: -1/61      AC: 19    Str: 19    XL:     7   Next: 4%
Magic:  7/7        EV: 11    Int:  7    God:    Okawaru [......]
Gold:   0          SH: 12    Dex: 17    Spells: 6/6 levels left

rFire  . . .     SeeInvis +     m - +2 dire flail (protect)
rCold  . . .     Gourm    .     o - +1 scale mail
rNeg   . . .     Faith    .     c - +0 shield
rPois  .         Spirit   .     (helmet unavailable)
rElec  .         Reflect  .     (no cloak)
rCorr  .         Harm     .     n - +0 pair of gloves
MR     .....                    (no boots)
Stlth  +.........               (no amulet)
                                q - +2 ring of protection
                                p - +3 ring of dexterity

@: protection aura
A: permanent stasis, dig shafts and tunnels, four strong arms, antennae 3, thin
skeletal structure 1, weak 1, evolution 1
a: Dig, Renounce Religion


You were in the Dungeon.
You worshipped Okawaru.
Okawaru was noncommittal.
You were not hungry.

You visited 1 branch

Inventory:

Hand Weapons
 m - a +2 dire flail of protection (weapon)
Armour
 c - a +0 shield (worn)
 n - a +0 pair of gloves (worn)
 o - a +1 scale mail (worn)
Jewellery
 p - a +3 ring of dexterity (left hand)
 q - a +2 ring of protection (right hand)
Wands
 l - a wand of iceblast (7/15)
Scrolls
 j - 3 scrolls of remove curse
Potions
 d - a potion of might
 e - 5 potions of curing
 g - a potion of invisibility
 h - 2 potions of heal wounds
 i - 4 potions of magic
Comestibles
 f - a bread ration


   Skills:
 + Level 7.6 Fighting
 + Level 5.8 Maces & Flails
 + Level 9.0 Armour
 + Level 2.2 Dodging
 + Level 9.8 Shields


You had 6 spell levels left.
You didn't know any spells.

Dungeon Overview and Level Annotations

Branches:
Dungeon (1/1)

Altars:
Cheibriados
Dithmenos
Elyvilon
Fedhas
Gozag
Hepliaklqana
Kikubaaqudgha
Makhleb
Nemelex Xobeh
Okawaru
Qazlal
Ru
Sif Muna
Trog
Uskayaw
Vehumet
Xom
Yredelemnul
Zin
The Shining One
Beogh
Jiyva
Lugonu


Innate Abilities, Weirdness & Mutations

You cannot be hasted, slowed, berserked, paralysed or teleported.
You can dig through walls and to a lower floor.
Your four strong arms can wield two-handed weapons with a shield.
You have a pair of large antennae on your head. (SInv)
You have a somewhat thin skeletal structure. (Dex +2, Stealth)
You are weak. (Str -2)
You evolve.


Message History

The deep elf mage hits you but does no damage.
You hit the deep elf mage.
The deep elf mage is heavily wounded.
You block the deep elf mage's attack.
You miss the deep elf mage.
The deep elf mage is moderately wounded.
The deep elf mage hits you with a short sword.
You puncture the deep elf mage!
The deep elf mage is severely wounded.
The deep elf mage hits you but does no damage.
You closely miss the deep elf mage.
The deep elf mage is severely wounded.
The deep elf mage gestures at you while chanting.
The bolt of fire hits you!
* * * LOW HITPOINT WARNING * * *
You miss the deep elf mage.
The deep elf mage is severely wounded.
The meliai calls down the wrath of its god upon you.
Something smites you!
You die... {{{{{{{{ ▓▓▓▓▓▓▓▓▓▓▓▓▓▓▓▓▓▓▓▓▓▓▓▓ .xZJyce@.?...))..[.)|?.' ▓▓▓▓▓▓▓▓▓▓▓▓▓▓▓▓▓▓▓▓▓▓▓▓

You could see a slime creature, a deep elf mage, an unseen horror (invisible), a meliai, a centaur and a quokka skeleton.

Vanquished Creatures
  A sky beast (D)
  A phantom (D)
  A centaur (D)
  A howler monkey (D)
  A jelly (D)
  A worker ant (D)
  An adder (D)
  An adder skeleton (D)
  A dart slug (D)
  2 leopard geckos (D)
  An orc (D)
  A giant cockroach (D)
  A goblin (D)
  A hobgoblin (D)
  A rat (D)
16 creatures vanquished.

Notes
Turn   | Place    | Note
-------+----------+-------------------------------------------
     0 | D        | Faca the Formicid Fighter began the quest for the Orb.
     0 | D        | Reached XP level 1. HP: 18/18 MP: 1/1
    27 | D        | Reached XP level 2. HP: 19/25 MP: 2/2
   101 | D        | Noticed a phantom
   101 | D        | Noticed a howler monkey
   101 | D        | Noticed a centaur
   106 | D        | Killed a centaur
   106 | D        | Reached skill level 5 in Fighting
   106 | D        | Reached XP level 3. HP: 19/33 MP: 3/3
   106 | D        | Reached XP level 4. HP: 23/39 MP: 4/4
   112 | D        | Reached XP level 5. HP: 20/46 MP: 5/5
   126 | D        | Killed a phantom
   126 | D        | Reached skill level 1 in Dodging
   126 | D        | Reached XP level 6. HP: 11/53 MP: 6/6
   254 | D        | Found a roughly hewn altar of Beogh.
   254 | D        | Found a snail-covered altar of Cheibriados.
   254 | D        | Found a shadowy altar of Dithmenos.
   254 | D        | Found a white marble altar of Elyvilon.
   254 | D        | Found a blossoming altar of Fedhas.
   254 | D        | Found an opulent altar of Gozag.
   255 | D        | Found a hazy altar of Hepliaklqana.
   256 | D        | Found a viscous altar of Jiyva.
   257 | D        | Found an ancient bone altar of Kikubaaqudgha.
   258 | D        | Found a corrupted altar of Lugonu.
   259 | D        | Found a burning altar of Makhleb.
   260 | D        | Found a sparkling altar of Nemelex Xobeh.
   261 | D        | Found an iron altar of Okawaru.
   262 | D        | Found a stormy altar of Qazlal.
   263 | D        | Found a sacrificial altar of Ru.
   264 | D        | Found a deep blue altar of Sif Muna.
   265 | D        | Found a bloodstained altar of Trog.
   266 | D        | Found a hide-covered altar of Uskayaw.
   267 | D        | Found a radiant altar of Vehumet.
   268 | D        | Found a shimmering altar of Xom.
   269 | D        | Found a basalt altar of Yredelemnul.
   271 | D        | Became a worshipper of Warmaster Okawaru
   273 | D        | Found a glowing silver altar of Zin.
   274 | D        | Found a glowing golden altar of the Shining One.
   320 | D        | Noticed a sky beast
   339 | D        | Killed a sky beast
   339 | D        | Reached skill level 5 in Maces & Flails
   351 | D        | Reached XP level 7. HP: 41/61 MP: 7/7
   357 | D        | Gained mutation: You evolve. [mutagenic meat]
   358 | D        | Gained mutation: You are weak. (Str -2) [mutagenic meat]
   359 | D        | Gained mutation: Your mind is acute. (Int +2) [mutagenic meat]
   360 | D        | Lost mutation: Your mind is acute. (Int +2) [mutagenic meat]
   361 | D        | Gained mutation: You have a somewhat thin skeletal structure. (Dex +2, Stealth) [mutagenic meat]
   456 | D        | Noticed an unseen horror
   456 | D        | Noticed a slime creature
   456 | D        | Noticed a meliai
   456 | D        | Noticed a deep elf mage
   464 | D        | Killed from afar by a meliai

Vault maps used:
D:        linesprint

Skill      XL: |  1  2  3  4  5  6 |
---------------+-------------------+-----
Shields        | 4 6 7 8 9 |  9.8
Armour         | 4 6 7 9 |  9.0
Fighting       | 4 5 6 7 |  7.6
Maces & Flails | 3 4 5 |  5.8
Dodging        | 1 2 |  2.2

Action                   |  1- 3 |  4- 6 |  7- 9 || total
-------------------------+-------+-------+-------++-------
Melee: Flail             |    28 |    24 |       ||    52
       Dire flail        |       |    31 |     8 ||    39
  Use: Potion            |       |     1 |       ||     1
  Eat: Chunk             |       |       |     5 ||     5
Armor: Scale mail        |    10 |    16 |     2 ||    28
Dodge: Dodged            |    10 |    20 |     1 ||    31
Block: Shield            |    14 |    27 |     1 ||    42
